 Dungeon Crawl Stone Soup version 0.24.0-123-gd5b16e6ec5 (webtiles) character file.

Game seed: 4950231099709574942, levelgen mode: deterministic

4021 Elellon the Cleaver (level 10, -12/86 HPs)
             Began as a Hill Orc Fighter on Jan 14, 2020.
             Was a Priest of Okawaru.
             Mangled by a hornet (14 damage)
             ... while paralysed by a hornet
             ... on level 9 of the Dungeon.
             The game lasted 00:11:40 (7877 turns).

Elellon the Cleaver (Hill Orc Fighter)              Turns: 7877, Time: 00:11:41

Health: -12/86     AC: 12    Str: 21    XL:     10   Next: 23%
Magic:  10/10      EV:  2    Int:  8    God:    Okawaru [***...]
Gold:   585        SH:  0    Dex:  6    Spells: 9/9 levels left

rFire    . . .     SeeInvis .   a - +0 war axe
rCold    + . .     Gourm    .   c - +0 shield
rNeg     + + +     Faith    .   B - +4 ring mail "Guunaam" {rN+++ rCorr Str-2 Dex-4}
rPois    .         Spirit   .   (no helmet)
rElec    .         Reflect  .   (no cloak)
rCorr    +         Harm     .   x - +1 pair of gloves
MR       .....                  (no boots)
Stlth    ..........             (no amulet)
HPRegen  0.24/turn              E - ring of protection from cold
MPRegen  0.12/turn              (no ring)

@: paralysed, lethally poisoned (-12 -> -21), slowed
A: no striking features
a: Heroism, Renounce Religion


You were on level 9 of the Dungeon.
You worshipped Okawaru.
Okawaru was most pleased with you.
You were not hungry.

You visited 2 branches of the dungeon, and saw 10 of its levels.

You collected 585 gold pieces.

Inventory:

Hand Weapons
 a - a +0 war axe (weapon)
Armour
 c - a +0 shield (worn)
 s - a +0 plate armour
 x - a +1 pair of gloves (worn)
 B - the +4 ring mail "Guunaam" (worn) {rN+++ rCorr Str-2 Dex-4}
   (You found it on level 8 of the Dungeon)

   It affects your strength (-2).
   It affects your dexterity (-4).
   It renders you almost immune to negative energy.
   It provides partial protection from all sources of acid and corrosion.
Jewellery
 E - a ring of protection from cold (left hand)
Wands
 o - a wand of paralysis (11)
 r - a wand of acid (10)
 D - a wand of flame (27)
Scrolls
 b - a scroll of vulnerability {unknown}
 e - 3 scrolls of fear {unknown}
 g - 3 scrolls of teleportation {unknown}
 h - 2 scrolls of fog {unknown}
 j - 2 scrolls of enchant armour {unknown}
 l - 5 scrolls of identify
 m - 2 scrolls of enchant weapon {unknown}
 n - 3 scrolls of remove curse {unknown}
 q - a scroll of noise {unknown}
 u - 2 scrolls of magic mapping {unknown}
 v - a scroll of random uselessness {unknown}
 y - a scroll of immolation {unknown}
Potions
 d - 4 potions of might
 i - a potion of degeneration {unknown}
 k - 2 potions of brilliance {unknown}
 p - a potion of haste
 t - a potion of flight {unknown}
 w - a potion of heal wounds
 z - 2 potions of resistance {unknown}
 C - a potion of lignification {unknown}
Comestibles
 f - 18 rations
 A - 11 chunks of flesh


   Skills:
 + Level 7.1 Fighting
 * Level 14.4 Axes
 + Level 6.4 Armour
 + Level 6.4 Shields


You had 9 spell levels left.
You didn't know any spells.
Your spell library was empty.

Dungeon Overview and Level Annotations

Branches:
Dungeon (9/15)             Temple (1/1) D:6
   Lair: D:8-11         Orc: D:9-12

Altars:
Ashenzari
Cheibriados
Dithmenos
Elyvilon
Fedhas
Gozag
Hepliaklqana
Kikubaaqudgha
Makhleb
Nemelex Xobeh
Okawaru
Qazlal
Ru
Sif Muna
Trog
Uskayaw
Vehumet
Wu Jian
Xom
Yredelemnul
Zin
The Shining One

Shops:
D:4 [   D:7 [


Message History

You slash the hornet!
The hornet is heavily wounded.
The hornet stings you but does no damage.
You hit the hornet but do no damage.
The hornet is heavily wounded.
You feel sick. The hornet stings you!
* * * LOW HITPOINT WARNING * * *
You are more poisoned.
You feel as though you will be slow longer.
The hornet barely misses you.
You closely miss the hornet.
The hornet is heavily wounded.
You feel sick. The hornet stings you!
* * * LOW HITPOINT WARNING * * *
You suddenly lose the ability to move!
The hornet stings you!
* * * LOW HITPOINT WARNING * * *
You shrug off the repeated paralysis!
* * * LOW HITPOINT WARNING * * *
You feel sick. The hornet stings you!
You die...

#........###..
.#....#...#....
####.+..#.....#....
#####....#.....#..'....
#.......[#...#....#....
#........#........#....
#........##......##..##
#....y....###'#######..
#.....@.##.............
....................>...
........................
..#....#................
.......#................
.#.....#................
#.....#..............))
......#...###+#####+##.
.... #...# #.......


You could see a hornet.

Vanquished Creatures
  A hippogriff (D:6)
  A black bear (D:8)
  3 orc warriors
  Duvessa (D:5)
  An ice beast (D:6)
  3 sky beasts
  2 phantoms
  4 ogres
  5 centaurs
  4 big kobolds
  Blork the orc (D:5)
  2 bullfrogs
  2 scorpions
  Dowan (D:5)
  A water moccasin skeleton (D:4)
  4 wights (D:7)
  3 crimson imps
  8 hounds
  2 gnoll shamans (D:6)
  A jelly (D:7)
  4 orc wizards
  A centaur skeleton (D:6)
  7 orc priests
  3 bullfrog skeletons
  An iguana (D:8)
  5 worker ants
  A hound skeleton (D:7)
  5 gnolls (D:6)
  7 adders
  A howler monkey skeleton (D:5)
  2 shadow imps
  An adder zombie (D:5)
  2 worms
  2 leopard geckos
  20 orcs
  7 bats
  6 giant cockroaches
  3 goblins (D:1)
  11 hobgoblins
  9 jackals
  2 ball pythons
  8 frilled lizards
  A jackal skeleton (D:4)
  14 kobolds
  A quokka skeleton (D:5)
  6 rats
180 creatures vanquished.

Notes
Turn   | Place    | Note
-------+----------+-------------------------------------------
     0 | D:1      | Elellon the Hill Orc Fighter began the quest for the Orb.
     0 | D:1      | Reached XP level 1. HP: 19/19 MP: 1/1
    34 | D:1      | Reached skill level 3 in Axes
    84 | D:1      | Reached XP level 2. HP: 22/26 MP: 2/2
   242 | D:1      | Reached skill level 4 in Axes
   731 | D:2      | Reached XP level 3. HP: 31/31 MP: 3/3
  1476 | D:3      | Reached skill level 5 in Axes
  1768 | D:3      | Reached XP level 4. HP: 37/39 MP: 4/4
  1892 | D:3      | Found a blossoming altar of Fedhas.
  2065 | D:4      | Noticed a phantom
  2117 | D:4      | Killed a phantom
  2117 | D:4      | Reached skill level 7 in Axes
  2117 | D:4      | Reached XP level 5. HP: 4/45 MP: 5/5
  2426 | D:4      | Found Gaonyohy's Antique Armour Shop.
  2835 | D:4      | Reached skill level 8 in Axes
  2835 | D:4      | Reached XP level 6. HP: 51/51 MP: 6/6
  3101 | D:4      | Reached skill level 9 in Axes
  3337 | D:5      | Entered Level 5 of the Dungeon
  3363 | D:5      | Noticed Dowan
  3364 | D:5      | Noticed Duvessa
  3376 | D:5      | Reached XP level 7. HP: 49/57 MP: 7/7
  3377 | D:5      | Killed Dowan
  3379 | D:5      | Killed Duvessa
  3379 | D:5      | Reached skill level 10 in Axes
  3911 | D:5      | Reached skill level 11 in Axes
  4551 | D:5      | Noticed Blork the orc
  4568 | D:5      | Killed Blork the orc
  4568 | D:5      | Reached XP level 8. HP: 47/64 MP: 8/8
  4844 | D:6      | Found a shimmering altar of Xom.
  4845 | D:6      | Found a shimmering altar of Xom.
  4852 | D:6      | Found a staircase to the Ecumenical Temple.
  4860 | Temple   | Entered the Ecumenical Temple
  5080 | Temple   | Became a worshipper of Warmaster Okawaru
  5220 | D:6      | Reached skill level 12 in Axes
  5556 | D:6      | Found a shimmering altar of Xom.
  5583 | D:6      | Noticed a hippogriff
  5604 | D:6      | Killed a hippogriff
  5818 | D:6      | Reached * piety under Okawaru
  5850 | D:6      | Reached skill level 5 in Fighting
  5850 | D:6      | Reached XP level 9. HP: 70/74 MP: 9/9
  5899 | D:6      | Reached skill level 13 in Axes
  5908 | D:6      | Reached skill level 5 in Armour
  5908 | D:6      | Reached skill level 5 in Shields
  6420 | D:7      | Found a snail-covered altar of Cheibriados.
  6548 | D:7      | Reached ** piety under Okawaru
  6973 | D:7      | Found Nugahar's Antique Armour Shoppe.
  7376 | D:8      | Reached skill level 14 in Axes
  7376 | D:8      | Reached XP level 10. HP: 70/84 MP: 10/10
  7467 | D:8      | Got a scorched ring mail
  7477 | D:8      | Identified the +4 ring mail "Guunaam" {rN+++ rCorr Str-2
                  | Dex-4} (You found it on level 8 of the Dungeon)
  7495 | D:8      | Reached *** piety under Okawaru
  7615 | D:8      | Found a bloodstained altar of Trog.
  7794 | D:9      | Found a white marble altar of Elyvilon.
  7876 | D:9      | Paralysed by a hornet for 2 turns
  7876 | D:9      | HP: 3/86 [hornet (7)]
  7877 | D:9      | Mangled by a hornet

Levels and vault maps discovered:
D:1:      dpeg_arrival_long_road, layout_loops_ring,
          chequers_serial_rivers_micro_c, minmay_tromino_v2
D:2:      layout_loops_cross
D:3:      layout_loops_ring, fedhas_altar_fruit_tree
D:4:      layout_basic, serial_shops, shop, first_ration
D:5:      layout_loops_ring, minmay_misc_feat_four_crosses, uniq_duvessa,
          uniq_blork_the_orc
D:6:      kennysheep_housing_project, layout_loops_cross, xom_redecorated,
          minmay_temple_entry_tees, nicolae_zen_rock_garden
D:7:      layout_loops_ring, slow_altar_2, serial_shops, shop
D:8:      layout_rooms, bloody_trog
D:9:      layout_basic, elyvilon_altar_3, the_bakery, kennysheep_another_room
Temple:   dpeg_five_rooms_temple

Skill      XL: |  1  2  3  4  5  6  7  8  9 10 |
---------------+-------------------------------+-----
Axes           | 3 4 5 7 8 9 11 12 14 | 14.4
Fighting       | 5 6 7 |  7.1
Armour         | 4 6 |  6.4
Shields        | 4 6 |  6.4

Action                   |  1- 3 |  4- 6 |  7- 9 | 10-12 || total
-------------------------+-------+-------+-------+-------++-------
Melee: War axe           |   120 |   103 |   397 |    83 ||   703
  Use: Potion            |       |       |     2 |       ||     2
       Scroll            |       |       |       |     1 ||     1
 Stab: Distracted        |       |       |     1 |       ||     1
  Eat: Chunk             |     3 |     5 |    10 |     1 ||    19
       Ration            |       |       |     1 |       ||     1
Armor: Scale mail        |    54 |    31 |    71 |       ||   156
       Plate armour      |       |       |    68 |       ||    68
       Ring mail         |       |       |       |    20 ||    20
Dodge: Dodged            |    39 |    30 |    74 |    16 ||   159
Block: Shield            |    61 |    45 |   163 |    40 ||   309
